 Dungeon Crawl Stone Soup version 0.29-a0-887-gcbe080d7e0 (webtiles) character file.

Game seed: 4552675862850058098

162 mcwallace the Chiller (level 5, -3/38 HPs)
             Began as a Ghoul Ice Elementalist on July 21, 2022.
             Slain by a gnoll
             ... wielding a +0 halberd
              (10 damage)
             ... on level 2 of the Dungeon.
             The game lasted 00:06:07 (2825 turns).

mcwallace the Chiller (Ghoul Ice Elementalist)      Turns: 2825, Time: 00:06:08

Health: -3/38      AC:  8    Str: 12    XL:     5   Next: 43%
Magic:  0/8        EV: 12    Int: 12    God:
Gold:   185        SH:  0    Dex:  9    Spells: 2/9 levels left

rFire   . . .      SeeInvis .   o - +1 dagger (venom) {short}
rCold   + . .      Faith    +   (no shield)
rNeg    + + +      Spirit   .   a - +0 robe rPois โˆž Reflect .
                                (no helmet)
rElec   .          Harm     .   (no cloak)
rCorr   .          Rampage  .   (no gloves)
Will    .....                   (no boots)
Stlth   ++........              l - amulet of faith {!P}
HPRegen 0.00/turn               (no ring)
MPRegen 0.11/turn               (no ring)

@: ice-armoured, inhibited regen
A: claws 1, cold resistance 1, negative energy resistance 3, inhibited
regeneration, torment resistance 2, devour on kill
a: no special abilities


You were on level 2 of the Dungeon.
You visited 1 branch of the dungeon, and saw 2 of its levels.

You collected 185 gold pieces.


Innate Abilities, Weirdness & Mutations

You are immune to poison.
You have sharp fingernails.
Your flesh is cold resistant. (rC+)
You are immune to negative energy. (rN+++)
You do not regenerate when monsters are visible.
You are immune to unholy pain and torment.
You thrive by killing the living.


   Skills:
 + Level 2.9 Dodging
 + Level 3.6 Stealth
 + Level 2.6 Spellcasting
 + Level 5.2 Ice Magic


You had 2 spell levels left.
You knew the following spells:

 Your Spells              Type           Power      Damage    Failure   Level
a - Freeze                Ice            56%        1d7       3%          1
b - Frozen Ramparts       Ice            28%        1d4       9%          3
c - Ozocubu's Armour      Ice            14%        N/A       9%          3

Your spell library contained the following spells:

 Spells                   Type           Power      Damage    Failure   Level
 Hailstorm                Conj/Ice       7%         3d4       65%         4

Inventory:

Hand Weapons
 c - a +0 hand axe {axe}
   (You found it on level 1 of the Dungeon)
 k - a +0 short sword of protection {short}
   (You took it off a kobold on level 1 of the Dungeon)
 o - a +1 dagger of venom (weapon) {short}
   (You took it off a hobgoblin on level 1 of the Dungeon)
Missiles
 h - 20 stones {throwing}
 r - 11 poisoned darts (quivered) {throwing}
Armour
 a - a +0 robe (worn)
 f - a +0 robe
   (You found it on level 1 of the Dungeon)
 g - a +0 ring mail
   (You found it on level 1 of the Dungeon)
 j - a +0 robe
   (You found it on level 1 of the Dungeon)
 p - a +0 scale mail
   (You took it off Terence on level 2 of the Dungeon)
Magical Staves
 d - a staff of death {!astaff}
   (You found it on level 1 of the Dungeon)
Jewellery
 l - an amulet of faith (around neck) {!P}
   (You found it on level 1 of the Dungeon)
Scrolls
 e - a scroll of magic mapping {unknown}
 n - a scroll of enchant weapon {unknown}
 q - 2 scrolls of blinking {unknown}
 s - a scroll of teleportation {unknown}
 u - a scroll of identify {unknown}
Potions
 b - a potion of magic
 i - a potion of heal wounds {unknown}
 m - 2 potions of curing {unknown}
 t - a potion of cancellation {unknown}

Dungeon Overview and Level Annotations

Branches:
Dungeon (2/15) Zot: 9158

Altars:

Annotations:
D:2 Sigmund

.....# #..# #.#.# #...#
.....####### #..###.#.#
#...####
####.......###......#.#
#.......
#)...............#.####...####
#........##.g#...#............
#..<..........................
#........#####..##............
#........#####g.#######...####
###............@..# #.......
#...######.##รท##.## #.#..###
##.#..............# #....#
...#...####.##.#### ###....###
.#####.........# ..##.... .
>..#...####.#### #.####.###
##.#..#####.# ####.# #.###
............# #....####.#..
############# #.##.##...โ€
....<


You could see a gnoll.


Message History

You lost 3 mp, and now have 2/7 mp.
You hit the gnoll.
The gnoll is poisoned.
The wall freezes the gnoll.
You kill the gnoll!
You feel better. ๐Ÿ˜Ž HP[+5]
Your hp is fully restored (38).
The wall freezes the gnoll.
The wall freezes the gnoll.
The gnoll closely misses you.
The wall freezes the gnoll.
You kill the gnoll!
Your frozen ramparts will break if you move.
Continue? [Y]es or [N]o only, please.
Your frozen ramparts will break if you move.
Continue? [Y]es or [N]o only, please.
Your frozen ramparts will break if you move.
Continue?
Okay, then.
The kobold shouts!
The wall freezes the gnoll.
The wall freezes the gnoll.
The gnoll hits you from afar with a +0 halberd. ๐Ÿ˜• HP[-4]
You take 4 damage, and now have 34/38 hp.
The wall freezes the kobold.
You kill the kobold!
The wall freezes the gnoll.
The gnoll barely misses you. ๐Ÿ˜• MP[+1]
The frozen ramparts melt away.
The gnoll misses you. The gnoll barely misses you.
Things that are here:
a +1 flail of holy wrath {mace}; a gnoll corpse You hit the gnoll but do no damage.
The gnoll closely misses you.
You barely miss the gnoll.
The gnoll hits you with a +0 halberd! ๐Ÿ˜ฎ HP[-8]
You take 8 damage, and now have 26/38 hp.
MASSIVE DAMAGE!! (PAUSE)
You closely miss the gnoll. The gnoll hits you with a +0 halberd!
* * * LOW HITPOINT WARNING * * *
๐Ÿ˜จ HP[-13]
You take 13 damage, and now have 13/38 hp.
MASSIVE DAMAGE!! (PAUSE)
The gnoll barely misses you.
Throw: 12 darts (poison) {throwing}
Press: ? - help, Q - select action, (/) - cycle Shift-Dir - straight line, f - gnoll
Aim: a gnoll, wielding a +0 halberd (heavily wounded, 56% to hit)
You throw a poisoned dart {throwing}.
The poisoned dart {throwing} hits the gnoll.
The gnoll misses you. ๐Ÿ˜จ MP[+1] ๐Ÿ˜จ HP[+1]
There is a stone staircase leading up here.
You climb upwards.
There is a stone staircase leading down here. ๐Ÿ˜จ MP[+1]
You start resting. ๐Ÿ˜จ HP[+3] MP[+3]
You regained 3 hp, and now have 17/38 hp.
Your mp is fully restored (8).
You start resting. ๐Ÿ˜Ž HP[+21]
Your hp is fully restored (38).
You climb downwards.
Level annotation: Sigmund
There is a stone staircase leading up here.
The gnoll hits you from afar with a +0 halberd. ๐Ÿ˜• HP[-5]
You take 5 damage, and now have 33/38 hp.
The gnoll hits you with a +0 halberd! ๐Ÿ˜ฎ HP[-11]
You take 11 damage, and now have 22/38 hp.
MASSIVE DAMAGE!! (PAUSE)
Casting: Frozen Ramparts (dangerous; 9% risk of failure)
Confirm with . or Enter, or press ? or * to list all spells.
A film of ice covers your body!
The gnoll barely misses you. ๐Ÿ˜ฎ MP[-3]
You lost 3 mp, and now have 5/8 mp.
Casting: Ozocubu's Armour (dangerous; 9% risk of failure)
Confirm with . or Enter, or press ? or * to list all spells.
Your icy armour thickens.
The gnoll hits you with a +0 halberd.
* * * LOW HITPOINT WARNING * * *
๐Ÿ˜จ HP[-4] MP[-3]
You take 4 damage, and now have 18/38 hp.
You lost 3 mp, and now have 2/8 mp.
Casting: Ozocubu's Armour (dangerous; 9% risk of failure)
Confirm with . or Enter, or press ? or * to list all spells.
Aiming: Freeze (safe; 3% risk of failure)
Press: ? - help, Shift-Dir - straight line, f - gnoll
Aim: a gnoll, wielding a +0 halberd You freeze the gnoll!
The gnoll hits you with a +0 halberd!
* * * LOW HITPOINT WARNING * * *
๐Ÿ˜ฑ HP[-11] MP[-1]
You take 11 damage, and now have 7/38 hp.
MASSIVE DAMAGE!! (PAUSE)
You lost 1 mp, and now have 1/8 mp.
Casting: Freeze (safe; 3% risk of failure)
Confirm with . or Enter, or press ? or * to list all spells.
Aiming: Freeze (safe; 3% risk of failure)
Press: ? - help, Shift-Dir - straight line, f/p - gnoll
Aim: a gnoll, wielding a +0 halberd (heavily wounded)
You freeze the gnoll. The gnoll hits you with a +0 halberd!
You die...

Skill      XL: |  1  2  3  4 |
---------------+-------------+-----
Dodging        | 2 |  2.9
Spellcasting   | 2 |  2.6
Stealth        | 3 |  3.6
Ice Magic      | 5 |  5.2

Action                   |  1- 3 |  4- 6 || total
-------------------------+-------+-------++-------
Melee: Staff             |    39 |       ||    39
       Short sword       |    75 |       ||    75
       Dagger            |    12 |    47 ||    59
       Punch             |       |     2 ||     2
Throw: Dart              |       |     1 ||     1
 Cast: Freeze            |     5 |     2 ||     7
       Frozen Ramparts   |       |     3 ||     3
       Ozocubu's Armour  |       |     2 ||     2
 Stab: Sleeping          |     3 |       ||     3
Armor: Robe              |    51 |     4 ||    55
Dodge: Dodged            |   117 |    39 ||   156

Levels and vault maps discovered:
D:1:      minmay_arrival_radiant_lines, layout_basic,
          hellmonk_ecumenical_altar_inner_sanctum
D:2:      layout_loops_cross, uniq_terence, uniq_sigmund, uniq_natasha

Notes
Turn   | Place    | Note
-------+----------+-------------------------------------------
     0 | D:1      | mcwallace the Ghoul Ice Elementalist began the quest for
                  | the Orb.
     0 | D:1      | Reached XP level 1. HP: 14/14 MP: 2/2
     0 | D:1      | magus.rc [v1.9.6]
   132 | D:1      | Reached skill level 2 in Dodging
   132 | D:1      | Reached XP level 2. HP: 15/20 MP: 3/3
   281 | D:1      | Reached skill level 2 in Spellcasting
   953 | D:1      | Reached XP level 3. HP: 17/26 MP: 5/5
   967 | D:1      | Learned a level 3 spell: Frozen Ramparts
  1315 | D:1      | Found a faded altar of an unknown god.
  1657 | D:2      | Noticed Terence
  1704 | D:2      | HP: 5/26 [Terence/+0 falchion (10)]
  1706 | D:2      | Killed Terence
  1707 | D:2      | Reached skill level 3 in Stealth
  1707 | D:2      | Reached XP level 4. HP: 9/33 MP: 3/6
  1920 | D:2      | Noticed Natasha
  1930 | D:2      | Killed Natasha
  2005 | D:2      | Noticed Natasha
  2015 | D:2      | HP: 4/33 [Natasha/magic dart (5)]
  2016 | D:2      | Killed Natasha
  2017 | D:2      | Reached skill level 5 in Ice Magic
  2268 | D:2      | Noticed Sigmund
  2293 | D:2      | Learned a level 3 spell: Ozocubu's Armour
  2357 | D:2      | Reached XP level 5. HP: 35/38 MP: 3/7
  2824 | D:2      | HP: 7/38 [gnoll/+0 halberd (11)]
  2825 | D:2      | Slain by a gnoll

Vanquished Creatures
  Terence (D:2)
  Natasha (twice) (D:2)
  3 gnolls (D:2)
  An adder (D:2)
  A worm (D:2)
  A dart slug (D:2)
  4 endoplasms
  3 giant cockroaches
  7 goblins
  5 hobgoblins (D:1)
  4 kobolds
  7 ball pythons
  4 bats
  A frilled lizard (D:1)
  2 rats
46 creatures vanquished.

Table legend:
 A = Non-vault XP
 B = Vault XP
 C = Vault XP percentage of total XP
 D = Non-vault monster count
 E = Vault monster count
 F = Vault count percentage of total count
                 A         B        C        D         E       F
            +---------+---------+-------+---------+---------+-------
      Total |     163 |      69 |  29.7 |      44 |       2 |   4.3
            +---------+---------+-------+---------+---------+-------
        D:1 |      44 |       0 |   0.0 |      25 |       0 |   0.0
        D:2 |     119 |      69 |  36.7 |      19 |       2 |   9.5
            +---------+---------+-------+---------+---------+-------

Illustrated notes

Table legend:
 A = Kills in this place as a percentage of kills in entire the game.
 B = Kills by you in this place as a percentage of kills by you in the entire game.
 C = Kills by friends in this place as a percentage of kills by friends in the entire game.
 D = Other kills in this place as a percentage of other kills in the entire game.
 E = Experience gained in this place as a percentage of experience gained in the entire game.
 F = Experience gained in this place divided by the number of levels of this place that you have seen.
                   A       B       C       D       E      F
               +-------+-------+-------+-------+-------+----------------------
         Total | 100.0 | 100.0 |   N/A |   N/A | 100.0 | 116.0
       Dungeon | 100.0 | 100.0 |   N/A |   N/A | 100.0 | 116.0
               +-------+-------+-------+-------+-------+----------------------

Table legend: (Time is in decaauts)
 A = Elapsed time spent in this place.
 B = Non-inter-level travel time spent in this place.
 C = Inter-level travel time spent in this place.
 D = Time resting spent in this place.
 E = Time spent auto-exploring this place.
 F = Levels seen in this place.
 G = Mean time per level.
                   A        B        C        D        E       F      G
               +--------+--------+--------+--------+--------+-----+--------+
         Total |   2840 |   2799 |     41 |    412 |   1846 |   2 | 1420.0 |
       Dungeon |   2840 |   2799 |     41 |    412 |   1846 |   2 | 1420.0 |
               +--------+--------+--------+--------+--------+-----+--------+

Top non-repeatable levels by time:
     D:1: 1856 daAuts
     D:2: 983 daAuts
